 Dungeon Crawl Stone Soup version 0.30-a0-1006-g5d778dfbfc (webtiles) character file.

Game seed: 7554834053379853025

7484 Dirian the Cleaver (level 10, -9/93 HPs)
             Began as a Minotaur Berserker on Apr 5, 2023.
             Was a High Priest of Trog.
             Mangled by a sixfirhy (10 damage)
             ... summoned by a kobold demonologist
             ... on level 9 of the Dungeon.
             The game lasted 00:14:49 (8244 turns).

Dirian the Cleaver (Minotaur Berserker)             Turns: 8244, Time: 00:14:49

Health: -9/93      AC: 15    Str: 26    XL:     10   Next: 94%
Magic:  0/9        EV: 10    Int:  1    God:    Trog [*****.]
Gold:   717        SH:  0    Dex: 14    Spells: 9/9 levels left

rFire   + . .      SeeInvis +    a - +0 war axe
rCold   . . .      Faith    .    (no shield)
rNeg    . . .      Spirit   +    e - +1 chain mail
rPois   .          Reflect  .    (helmet restricted)
rElec   .          Rampage  .    f - +0 cloak
rCorr   +                        p - +0 pair of gloves
Will    +....                    (no boots) Stlth
                                 v - amulet of guardian spirit
HPRegen 0.35/turn                E - ring of protection from fire
MPRegen 0.11/turn                C - ring of Disas {Will+ rCorr Int-3 Dex+4 SInv}

@: slowed, very slow
A: horns 2, retaliatory headbutt
a: Renounce Religion, Berserk, Trog's Hand, Brothers in Arms


You were on level 9 of the Dungeon.
You worshipped Trog.
Trog was extremely pleased with you.
You visited 1 branch of the dungeon, and saw 9 of its levels.
You also visited: Ossuary.

You collected 717 gold pieces.

Inventory:

Hand Weapons
 a - a +0 war axe (weapon)
 b - a +4 flail of freezing
Missiles
 x - 5 javelins (quivered)
 y - 3 throwing nets
 B - 2 boomerangs
Armour
 e - a +1 chain mail (worn)
 f - a +0 cloak (worn)
 o - a +0 plate armour
 p - a +0 pair of gloves (worn)
Jewellery
 d - a ring of protection from cold
 v - an amulet of guardian spirit (around neck)
 C - the ring of Disas (right hand) {Will+ rCorr Int-3 Dex+4 SInv}
   (You acquired it on level 3 of the Dungeon)

   [ring of willpower]

   Int:       It affects your intelligence (-3).
   Dex:       It affects your dexterity (+4).
   SInv:      It lets you see invisible.
   rCorr:     It protects you from acid and corrosion.
   Will:      It increases your willpower.
 E - a ring of protection from fire (left hand)
Wands
 g - a wand of roots (7)
 i - a wand of flame (17)
 l - a wand of mindburst (10)
Scrolls
 j - 2 scrolls of fog
 k - a scroll of enchant armour
 r - 10 scrolls of identify
 t - 2 scrolls of fear
 u - 3 scrolls of enchant weapon
 z - 4 scrolls of blinking
 F - 4 scrolls of silence
 H - a scroll of teleportation {unknown}
Potions
 c - 3 potions of mutation
 h - 3 potions of haste
 m - 2 potions of attraction
 n - 3 potions of berserk rage
 q - 9 potions of curing
 s - 2 potions of lignification
 w - a potion of heal wounds
 A - 3 potions of ambrosia
 D - a potion of cancellation
 G - 2 potions of degeneration {unknown}
 I - a potion of resistance {unknown}


   Skills:
 + Level 10.1 Fighting
 + Level 14.7 Axes
 + Level 10.8 Armour
 - Level 2.1 Dodging


You had 9 spell levels left.
You didn't know any spells.
Your spell library was empty.

Dungeon Overview and Level Annotations

Branches:
Dungeon (9/15) Zot: 26121  Temple (0/1) D:6         Ossuary (visited)
   Lair: D:8-11         Orc: D:9-12

Altars:
Ashenzari
Cheibriados
Dithmenos
Hepliaklqana
Makhleb
Nemelex Xobeh
Sif Muna
Trog
Yredelemnul
Zin
The Shining One

Annotations:
D:3 3 runed translucent doors, hackum's ghost, amateur FoHu; snipermoke's ghost, weakling DgGl


Innate Abilities, Weirdness & Mutations

You have a pair of horns on your head.
You reflexively headbutt those who attack you in melee.


Message History

The kobold demonologist is moderately wounded.
You barely miss the wraith. You miss the sixfirhy.
The sixfirhy hits you but does no damage.
The sixfirhy barely misses you.
The sixfirhy hits you but does no damage.
The wraith hits you but does no damage.
The kobold demonologist begins to cast a cantrip, but forgets the words!
The sixfirhy hits you. The sixfirhy shocks you!
You hit the kobold demonologist but do no damage.
The kobold demonologist is moderately wounded.
You miss the sixfirhy. You barely miss the wraith. The wraith misses you.
You furiously retaliate!
You headbutt the wraith!
You destroy the wraith!
Trog accepts your kill.
The kobold demonologist barely misses you.
You furiously retaliate!
You headbutt the kobold demonologist. You slash the kobold demonologist!
The kobold demonologist is severely wounded.
You closely miss the sixfirhy.
The kobold demonologist looks satisfied for a moment.
You barely miss the kobold demonologist.
The kobold demonologist is severely wounded.
You hit the sixfirhy. The sixfirhy hits you! The sixfirhy shocks you!
The sixfirhy completely misses you.
The kobold demonologist hits you but does no damage.
The sixfirhy hits you. The sixfirhy shocks you!
* * * LOW HITPOINT WARNING * * *
The kobold demonologist closely misses you.
The sixfirhy closely misses you.
You hit the kobold demonologist.
The kobold demonologist is severely wounded.
You miss the sixfirhy. The sixfirhy hits you!
* * * LOW HITPOINT WARNING * * *
The sixfirhy shocks you!
* * * LOW HITPOINT WARNING * * *
The sixfirhy hits you but does no damage. x2
The sixfirhy hits you.
* * * LOW HITPOINT WARNING * * *
The sixfirhy shocks you!
You die...

..#
##################
..#
#................#
..#
#.#############..#
..#
###############''###
...
##...............#
...
#$..)............#
...
#..##.#.###.###.##
... # ##.###.#.###.#
... #)@3.......†.#
... #..)K.......†.#
## ...#...#####''###
#.#.##..######..#
#.# #..###.....# #..
..?##.(...## ..
.?###.....#
###.##...#...###
##'##.#
#...##..##..#
####...#.#


You could see a kobold demonologist and a sixfirhy (summoned).

Vanquished Creatures
  An ugly thing (D:9)
  A gargoyle (D:9)
  16 yaks
  2 wraiths (D:9)
  2 steam dragons
  6 orc warriors
  An ice beast (D:7)
  A black bear (D:6)
  An ogre (D:6)
  2 centaurs
  5 kobold brigands
  A necrophage (D:8)
  7 bullfrogs
  2 gnoll sergeants
  3 wights (D:7)
  A killer bee (D:9)
  A howler monkey (D:8)
  3 centaur zombies (Ossuary)
  5 orc priests
  8 hounds
  A jelly (D:7)
  2 gnoll boudas
  5 iguanas
  12 orc wizards
  2 sleepcaps
  2 scorpion zombies (Ossuary)
  2 ogre zombies (Ossuary)
  A hound skeleton (D:8)
  A mummy (Ossuary)
  8 adders
  34 gnolls
  A shadow imp (D:6)
  A white imp (D:7)
  An ufetubus (D:6)
  3 adder zombies (Ossuary)
  2 worms (D:2)
  4 dart slugs
  55 orcs
  5 ball pythons
  8 endoplasms
  5 goblins
  8 hobgoblins
  14 jackals
  A quokka (D:4)
  11 bats
  A frilled lizard (D:2)
  3 goblin zombies (Ossuary)
  5 hobgoblin zombies (Ossuary)
  20 kobolds
  7 orc zombies (Ossuary)
  4 rats
298 creatures vanquished.

Vanquished Creatures (others)
  20 plants
20 creatures vanquished.

Grand Total: 318 creatures vanquished

Notes
Turn   | Place    | Note
-------+----------+-------------------------------------------
     0 | D:1      | Dirian the Minotaur Berserker began the quest for the Orb.
     0 | D:1      | Reached XP level 1. HP: 19/19 MP: 0/0
   206 | D:1      | Found a faded altar of an unknown god.
   285 | D:1      | Reached skill level 4 in Axes
   285 | D:1      | Reached XP level 2. HP: 26/27 MP: 1/1
   763 | D:2      | Reached XP level 3. HP: 32/33 MP: 2/2
   795 | D:2      | Reached ** piety under Trog
  1105 | D:2      | Reached XP level 4. HP: 41/41 MP: 3/3
  1256 | D:3      | Reached skill level 5 in Axes
  1335 | D:3      | Found a runed translucent gate.
  1336 | D:3      | Found a runed translucent gate.
  1336 | D:3      | Found a runed translucent gate.
  1336 | D:3      | Noticed snipermoke's ghost (weakling DgGl)
  1336 | D:3      | Noticed hackum's ghost (amateur FoHu)
  1406 | D:3      | Found a snail-covered altar of Cheibriados.
  1539 | D:3      | Identified the +3 dagger "Iwko" {heavy, Will+}
  1969 | D:3      | Identified a scroll of acquirement
  1980 | D:3      | Acquired the ring of Disas {Will+ rCorr Int-3 Dex+4 SInv}
  2101 | D:4      | Reached XP level 5. HP: 43/47 MP: 4/4
  2247 | D:4      | Reached skill level 6 in Axes
  2631 | D:4      | Found a glowing golden altar of the Shining One.
  2634 | D:4      | Found a shadowy altar of Dithmenos.
  2634 | D:4      | Found a broken altar of Ashenzari.
  2924 | D:5      | Entered Level 5 of the Dungeon
  2957 | D:5      | Noticed an orc warrior
  2967 | D:5      | Killed an orc warrior
  2968 | D:5      | Reached skill level 5 in Fighting
  2968 | D:5      | Reached XP level 6. HP: 49/56 MP: 5/5
  3166 | D:5      | Reached *** piety under Trog
  3237 | D:5      | Reached skill level 7 in Axes
  3237 | D:5      | Reached skill level 5 in Armour
  3394 | D:5      | Reached XP level 7. HP: 61/61 MP: 6/6
  3912 | D:5      | Reached skill level 8 in Axes
  4182 | D:5      | Reached **** piety under Trog
  4183 | D:5      | Reached XP level 8. HP: 66/70 MP: 7/7
  4381 | D:6      | Reached skill level 9 in Axes
  4384 | D:6      | Found a staircase to the Ecumenical Temple.
  4407 | D:6      | Found a sand-covered staircase.
  4432 | Ossuary  | Entered an ossuary
  4585 | Ossuary  | Noticed a silent spectre
  4703 | D:6      | Reached ***** piety under Trog
  5007 | D:6      | Reached skill level 10 in Axes
  5024 | D:6      | Found a sparkling altar of Nemelex Xobeh.
  5024 | D:6      | Found a glowing silver altar of Zin.
  5032 | D:6      | Found a shimmering blue altar of Sif Muna.
  5034 | D:6      | Found a hazy altar of Hepliaklqana.
  5036 | D:6      | Found a basalt altar of Yredelemnul.
  5217 | D:6      | Reached XP level 9. HP: 79/79 MP: 8/8
  5335 | D:6      | Found a bloodstained altar of Trog.
  5341 | D:6      | Reached skill level 11 in Axes
  6641 | D:8      | Reached skill level 12 in Axes
  6834 | D:8      | Found a burning altar of Makhleb.
  7031 | D:8      | Reached XP level 10. HP: 72/90 MP: 6/9
  7419 | D:9      | Noticed a gargoyle
  7427 | D:9      | Killed a gargoyle
  7428 | D:9      | Reached skill level 13 in Axes
  7515 | D:9      | Reached skill level 10 in Armour
  7840 | D:9      | Reached skill level 14 in Axes
  8110 | D:9      | Noticed a brown ugly thing
  8119 | D:9      | Killed a brown ugly thing
  8120 | D:9      | Reached skill level 10 in Fighting
  8238 | D:9      | Noticed a sixfirhy
  8244 | D:9      | HP: 1/93 [sixfirhy[a kobold demonologist] (5)]
  8244 | D:9      | Mangled by a sixfirhy

Illustrated notes

Levels and vault maps discovered:
D:1:      saegor_arrival_simple_b, layout_rooms,
          chequers_ecumenical_altar_simple_redux
D:2:      layout_basic, grunt_ministairs_14, kennysheep_doodads
D:3:      layout_basic, cheibriados_altar_1, serial_curves, eino_curves_01,
          eino_curves_03, gammafunk_ghost_cemetery
D:4:      layout_gridville, chequers_temple_overflow_statue_of_worship
D:5:      lemuel_castle_with_subvaults [lemuel_castle_interior_original],
          layout_basic
D:6:      layout_cave_pools, chequers_temple_overflow_minitemple,
          lightli_temple_of_fire, minmay_temple_entry_butterflies, serial_bayou,
          serial_bayou_pond_d, serial_bayou_ford_a, serial_bayou_pond_b,
          serial_bayou_lake_a, nicolae_ossuary_entry_ruins,
          minmay_chambers_of_fives
D:7:      layout_loops_ring, serial_co_window_serial, co_window_paths_a,
          co_window_cross_1, co_window_cross_1, co_window_paths_b,
          co_window_corner_a, co_window_paths_c, co_window_of_opportunity_b,
          co_window_broadway_a, co_window_corner_b, co_window_paths_d,
          kennysheep_generic_room_9
D:8:      layout_loops_ring, makhleb_blood_cavern_becter
D:9:      layout_irregular_city, hangedman_corner_corridor

Skill      XL: |  1  2  3  4  5  6  7  8  9 10 |
---------------+-------------------------------+-----
Axes           | 4 5 6 7 8 10 12 14 | 14.7
Fighting       | 4 5 6 7 8 10 | 10.1
Armour         | 3 4 5 6 7 9 10 | 10.8
Dodging        | |  2.1

Action                     |  1- 3 |  4- 6 |  7- 9 | 10-12 || total
---------------------------+-------+-------+-------+-------++-------
  Melee: Hand axe          |   108 |   157 |    96 |       ||   361
         Headbutt          |    14 |    30 |    70 |    28 ||   142
         Punch             |       |     1 |     7 |     1 ||     9
         War axe           |       |       |   229 |   124 ||   353
 Invoke: Trog's Hand       |       |     1 |     5 |     2 ||     8
         Berserk           |       |     1 |     1 |     3 ||     5
    Use: Scroll            |       |    15 |     5 |       ||    20
         Potion            |       |       |     1 |       ||     1
 Armour: Chain mail        |    60 |    80 |   188 |    66 ||   394
  Dodge: Dodged            |    46 |    63 |   146 |    55 ||   310

Table legend: (Time is in decaauts)
 A = Elapsed time spent in this place.
 B = Non-inter-level travel time spent in this place.
 C = Inter-level travel time spent in this place.
 D = Time resting spent in this place.
 E = Time spent auto-exploring this place.
 F = Levels seen in this place.
 G = Mean time per level.
                   A        B        C        D        E       F      G
               +--------+--------+--------+--------+--------+-----+--------+
         Total |   8255 |   7989 |    266 |     28 |   6202 |  10 |  825.5 |
       Dungeon |   8017 |   7751 |    266 |     28 |   6103 |   9 |  890.8 |
       Ossuary |    237 |    237 |      0 |      0 |     99 |   1 |  237.0 |
               +--------+--------+--------+--------+--------+-----+--------+

Top non-repeatable levels by time:
     D:5: 1449 daAuts
     D:7: 1035 daAuts
     D:4: 915 daAuts
     D:9: 877 daAuts
     D:6: 867 daAuts
     D:8: 854 daAuts
     D:3: 768 daAuts
     D:2: 679 daAuts
     D:1: 569 daAuts
 Ossuary: 237 daAuts
